 Dungeon Crawl Stone Soup version 0.14-a0-1361-g0512ea0 (webtiles) character file.

854 4tharraofdagon the Skirmisher (level 7, -6/64 HPs)
             Began as a Naga Artificer on Dec 7, 2013.
             Was an Initiate of Makhleb.
             Killed from afar by an orc wizard (13 damage)
             ... with a puff of flame
             ... on Level 6 of the Dungeon.
             The game lasted 00:11:50 (1969 turns).

4tharraofdagon the Skirmisher (Naga Artificer)      Turns: 1969, Time: 00:11:51

HP  -6/64        AC  9     Str 15      XL: 7   Next: 76%
MP  10/10        EV 10     Int 13      God: Makhleb [......]
Gold 112         SH  0     Dex 11      Spells:  0 memorised,  6 levels left

rFire  . . .     SeeInvis +     x - +0 halberd
rCold  . . .     Clarity  .     s - +0 leather armour (curse)
rNeg   + . .     Conserve .     (no shield)
rPois  +         rCorr    .     w - +1 dwarf golden helmet
rElec  .         rRot     .     k - +2 elf cloak
SustAb . .       Spirit   .     (no gloves)
rMut   .         Warding  .     (no barding)
Saprov . . .     Stasis   .     (no amulet)
                                E - ring of wizardry
                                u - ring of positive energy {unknown}

@: short of breath, very slightly contaminated, hasted, drained, quick, somewhat
resistant to hostile enchantments, fairly stealthy
A: spit poison, see invisible, deformed body, poison resistance, slowness 2, AC
+2
a: Spit Poison, Renounce Religion


You were on level 6 of the Dungeon.
You worshipped Makhleb.
Makhleb was noncommittal.
You were hungry.

You visited 2 branches of the dungeon, and saw 7 of its levels.

You collected 112 gold pieces.

Inventory:

Hand weapons
 a - a +0,+0 short sword
 l - a +0,+2 dagger of venom
 r - a -1,+1 orcish short sword
 x - a +0,+0 halberd (weapon)
Armour
 e - a +0 leather armour
 k - a +2 elven cloak (worn)
 s - a cursed +0 leather armour (worn)
 w - a +1 dwarven golden helmet (worn)
Magical devices
 b - a wand of flame (7)
 c - a wand of enslavement (9)
 d - a wand of random effects (15)
 D - a wand of lightning (6)
Comestibles
 f - 4 bread rations
 o - a meat ration
 z - a choko
Scrolls
 g - a scroll of recharging
 h - a scroll of amnesia {unknown}
 j - 2 scrolls of curse jewellery {unknown}
 m - a scroll of noise {unknown}
 n - a scroll of teleportation {unknown}
 p - 2 scrolls of enchant armour {unknown}
 q - 2 scrolls of identify {unknown}
 t - 3 scrolls of remove curse
 y - a scroll of fear {unknown}
 A - 2 scrolls of curse weapon {unknown}
 B - a scroll of random uselessness {unknown}
 F - 2 scrolls of immolation {unknown}
Jewellery
 i - an uncursed ring of fire
 u - a ring of positive energy (left hand) {unknown}
 E - a ring of wizardry (right hand)
Magical staves
 v - an uncursed staff of death


   Skills:
 + Level 4.1(3.7) Fighting
 - Level 1.0(0.6) Short Blades
 * Level 3.8(3.4) Polearms
 + Level 3.4(3.0) Armour
 - Level 3.5(3.1) Dodging
 - Level 1.5(1.1) Stealth
 - Level 3.0(2.6) Evocations


You had 6 spell levels left.
You didn't know any spells.

Dungeon Overview and Level Annotations

Branches:
Dungeon (6/16)             Temple (1/1) D:4

Altars:
Ashenzari
Elyvilon
Makhleb
Nemelex Xobeh
Okawaru


Innate Abilities, Weirdness & Mutations

You cannot wear boots.
You can spit poison.
Your serpentine skin is tough (AC +2).
You have supernaturally acute eyesight.
Armour fits poorly on your strangely shaped body.
Your system is resistant to poisons.
You cover ground very slowly.


Message History

The orc wizard is heavily wounded.
You feel slightly more hungry.
The orc wizard hits you but does no damage.
You completely miss the orc wizard.
The orc wizard is heavily wounded.
The orc wizard casts a spell at you. The magic dart hits you!
* * * LOW HITPOINT WARNING * * *
You hit the orc wizard but do no damage.
The orc wizard is heavily wounded.
The orc wizard casts a spell at you. The puff of flame misses you.
The puff of flame misses the crimson imp.
You puncture the orc wizard!
The orc wizard is almost dead.
The crimson imp blinks!
The orc wizard gestures at you while chanting.
The puff of flame hits you!
One of your 2 scrolls labeled PREZAA SOOTUWICW catches fire!
You die...

......# ......# .. .<....# #5
>.....# #.# ......# .. #######
#. #.## #.ยง# #@# #o# ####
#######r##### .....
#...........# ......
#...........# .5....
#########...........#### ..z.z.
........'...........'5.###......
#########...........##...#......
#...........####.5......


You could see an orc wizard (invisible), a crimson imp and a quokka.

Vanquished Creatures
  A necrophage (D:6)
  An ogre (D:4)
  2 giant frogs (D:6)
  A wight (D:6)
  2 orc wizards
  A scorpion (D:4)
  A worker ant (D:5)
  An iguana (D:4)
  3 gnolls (D:4)
  5 adders
  2 giant mites
  An inept feature mimic (Temple)
  A giant eyeball (D:4)
  11 orcs
  A bat skeleton (D:4)
  3 giant cockroaches
  10 goblins
  4 hobgoblins
  A kobold (D:4)
  6 bats
  3 giant newts
  A giant spore (D:6)
  An orc skeleton (D:4)
  2 rats
  3 ballistomycetes (D:6)
68 creatures vanquished.

Vanquished Creatures (collateral kills)
  3 orcs (D:3)
  A bat (D:3)
  A kobold (D:3)
5 creatures vanquished.

Vanquished Creatures (others)
  An orc (D:5)
  A quokka (D:5)
  A giant spore (D:6)
3 creatures vanquished.

Grand Total: 76 creatures vanquished

Notes
Turn   | Place    | Note
--------------------------------------------------------------
     0 | D:1      | 4tharraofdagon, the Naga Artificer, began the quest for the Orb.
     0 | D:1      | Reached XP level 1. HP: 18/18 MP: 1/1
    60 | D:2      | Reached XP level 2. HP: 5/25 MP: 3/3
   199 | D:2      | Reached skill level 1 in Armour
   263 | D:2      | Found a sparkling altar of Nemelex Xobeh.
   271 | D:2      | Reached XP level 3. HP: 16/31 MP: 4/4
   578 | D:3      | Reached XP level 4. HP: 25/40 MP: 6/6
   677 | D:4      | Found a staircase to the Ecumenical Temple.
   799 | D:4      | Reached XP level 5. HP: 5/46 MP: 7/7
  1167 | Temple   | Entered the Ecumenical Temple
  1188 | Temple   | Became a worshipper of Makhleb the Destroyer
  1216 | D:4      | Paralysed by a giant eyeball for 4 turns
  1224 | D:4      | Paralysed by a giant eyeball for 2 turns
  1330 | D:4      | Noticed an ogre
  1332 | D:4      | Reached skill level 1 in Polearms
  1345 | D:4      | Killed an ogre
  1345 | D:4      | Reached XP level 6. HP: 38/56 MP: 9/9
  1518 | D:5      | Entered Level 5 of the Dungeon
  1600 | D:6      | Noticed a necrophage
  1608 | D:6      | Killed a necrophage
  1648 | D:6      | Reached XP level 7. HP: 52/62 MP: 10/10
  1836 | D:6      | Reached skill level 4 in Fighting
  1969 | D:6      | Killed from afar by an orc wizard

Action                   |  1- 3 |  4- 6 |  7- 9 || total
-------------------------+-------+-------+-------++-------
Melee: Short sword       |    53 |       |       ||    53
       Dagger            |    41 |    28 |       ||    69
       Halberd           |       |    42 |    43 ||    85
 Abil: Spit Poison       |    23 |    21 |     3 ||    47
Evoke: Wand              |       |    14 |     1 ||    15
  Use: Potion            |     1 |       |     1 ||     2
       Scroll            |       |       |     1 ||     1
